 Dungeon Crawl Stone Soup version 0.25.0-9-g26727b657a (webtiles) character file.

Game seed: 15808303938410670187

12 Flugkiller the Charmwright (level 2, 0/26 HPs)
             Began as a Gnoll Skald on June 17, 2020.
             Slain by an adder (1 damage)
             ... on level 4 of the Dungeon.
             The game lasted 00:02:21 (329 turns).

Flugkiller the Charmwright (Gnoll Skald)             Turns: 329, Time: 00:02:21

Health: 0/26       AC:  5    Str: 13    XL:     2   Next: 33%
Magic:  5/7        EV: 12    Int: 15    God:
Gold:   9          SH:  0    Dex: 14    Spells: 7/10 levels left

rFire    . . .     SeeInvis .   a - +1 hand axe
rCold    . . .     Gourm    .   (no shield)
rNeg     . . .     Faith    .   j - +0 ring mail
rPois    .         Spirit   .   (no helmet)
rElec    .         Reflect  .   (no cloak)
rCorr    .         Harm     .   (no gloves)
MR       .....                  (no boots)
Stlth    +.........             (no amulet)
HPRegen  0.08/turn              (no ring)
MPRegen  0.10/turn              (no ring)

@: lethally poisoned (0 -> -2), singing
A: distributed training, fangs 1, strong nose
a: no special abilities


You were on level 4 of the Dungeon.
You were not hungry.

You visited 1 branch of the dungeon, and saw 4 of its levels.

You collected 9 gold pieces.

Inventory:

Hand Weapons
 a - a +1 hand axe (weapon)
Missiles
 e - 72 stones (quivered)
Armour
 b - a +0 leather armour
 j - a +0 ring mail (worn)
   (You found it on level 2 of the Dungeon)
Scrolls
 f - a scroll of enchant weapon
 g - a scroll of identify {unknown}
 i - 3 scrolls of teleportation {unknown}
Potions
 c - 2 potions of curing {unknown}
Comestibles
 d - 3 rations


   Skills:
 + Level 4.4 Fighting
 + Level 0.3 Short Blades
 + Level 0.3 Long Blades
 + Level 4.4 Axes
 + Level 0.3 Maces & Flails
 + Level 0.3 Polearms
 + Level 0.3 Staves
 + Level 0.3 Slings
 + Level 0.3 Bows
 + Level 0.3 Crossbows
 + Level 0.3 Throwing
 + Level 2.4 Armour
 + Level 4.4 Dodging
 + Level 0.3 Stealth
 + Level 0.3 Shields
 + Level 0.3 Unarmed Combat
 + Level 4.9 Spellcasting
 + Level 0.2 Conjurations
 + Level 0.2 Hexes
 + Level 5.3 Charms
 + Level 0.2 Summonings
 + Level 0.2 Necromancy
 + Level 0.2 Translocations
 + Level 0.2 Transmutations
 + Level 0.2 Fire Magic
 + Level 0.2 Ice Magic
 + Level 0.2 Air Magic
 + Level 0.2 Earth Magic
 + Level 0.2 Poison Magic
 + Level 0.4 Invocations
 + Level 0.3 Evocations


You had 7 spell levels left.
You knew the following spells:

 Your Spells              Type           Power        Failure   Level  Hunger
a - Infusion              Chrm           ###.         3%          1    None
b - Song of Slaying       Chrm           ###.....     5%          2    ##.....

Your spell library contained the following spells:

 Spells                   Type           Power        Failure   Level  Hunger
 Shroud of Golubria       Chrm/Tloc      ##....       16%         2    ##.....
 Ozocubu's Armour         Chrm/Ice       ##......     32%         3    ###....
 Spectral Weapon          Hex/Chrm       ##......     32%         3    ###....


Dungeon Overview and Level Annotations

Branches:
Dungeon (4/15)
 Temple: D:4-7

Altars:


Innate Abilities, Weirdness & Mutations

Your experience applies equally to all skills.
You have very sharp teeth.
Your uncanny sense of smell can sniff out nearby items.


Message History

As you read the scroll of magic mapping, it crumbles to dust.
You feel aware of your surroundings.
You open the door.
There is an open door here.
Memorise Song of Slaying, consuming 2 spell levels and leaving 7?
You start memorising the spell.
You continue memorising. x2
You finish memorising.
Spell assigned to 'b'.
You open the door.
An adder and 4 gnolls come into view.
The gnoll shouts! x4; The adder hisses angrily.
A quokka comes into view.
The gnoll moves out of view.
The adder misses you. The adder closely misses you.
The quokka twitches its whiskers.
The adder bites you.
You are poisoned.
The adder poisons you!
You feel sick.
Okay, then.
As you read the scroll labeled REMYIT CIDOHUA, it crumbles to dust.
It is a scroll of enchant weapon.
Your +0 hand axe glows red for a moment.
The adder misses you.
Casting: Infusion (safe; 3% risk of failure)
Confirm with . or Enter, or press ? or * to list all spells.
You start singing a song of slaying.
You feel sick. The adder closely misses you. The adder barely misses you.
You miss the adder. The adder bites you but does no damage.
You barely miss the adder.
You feel sick.
The gnoll hits you from afar with a +0 spear.
The adder closely misses you.
You miss the adder. The adder bites you but does no damage.
The gnoll hits you from afar with a +0 spear.
* * * LOW HITPOINT WARNING * * *
The adder barely misses you.
You miss the adder. The gnoll barely misses you.
The adder bites you but does no damage. The quokka closely misses you.
Unknown command.
You closely miss the adder. You hit the quokka but do no damage.
You feel sick. The gnoll misses you. The adder barely misses you.
The quokka barely misses you.
Unknown command.
You hit the quokka.
The quokka is heavily wounded.
You closely miss the adder. The adder bites you but does no damage.
The gnoll hits you from afar with a +0 spear!
* * * LOW HITPOINT WARNING * * *
The quokka barely misses you. The adder bites you.
You die...

*,,,,,,,,,#...#,,,,**,,,*,,,,,,,
*,,,,,,,,,#...#,,,,**,,,*,,,,,,,
*,,,,,,,,,#.rg#,,,,,,,,,*,,,,,,,
*,,,,,,,,,#..g#,,,,,,,,,*,,,,,,,
*,,,,,>,,,#...#,,,,,∆,,,*,,,,,,,
*,,,,,,,,,#...#,,,,**,,,*,,,,,,,
*,,,,,,,,,#.g.#*,,,*********,,,,
*,,,,,,,,,#..g#######,,,,,,*,,,,
*,,,,,,,,,#..gS@....+,,,,,,*,,,,
*,,,,,,,,,#...r.....#,,,,,,*,,,,
*,,,,,,,,,#.........#,,,,,,*,,,,
*,,,,,,,,,#...###+###,,,,,,*,,,,
*,,,,,,,,,#...##.<.#********,,,,
*,,,,,,,,,#...'....#,,,,,,,,,,,,
*,,,,,,,,,######...#,,,,,,,,,,,,
*,,,,,,,,,,,,,,#...#,,,,,,,,,,,,
*,,,,,,,,,,,,,,#+###,,,,,,,,,,,,


You could see 3 gnolls, an adder and a quokka.

Vanquished Creatures
  A worm (D:2)
  2 bats (D:1)
  2 giant cockroaches (D:3)
  A hobgoblin (D:3)
  3 kobolds (D:1)
  A rat (D:1)
10 creatures vanquished.

Notes
Turn   | Place    | Note
-------+----------+-------------------------------------------
     0 | D:1      | Flugkiller the Gnoll Skald began the quest for the Orb.
     0 | D:1      | Reached XP level 1. HP: 20/20 MP: 6/6
   227 | D:2      | Reached XP level 2. HP: 15/26 MP: 0/7
   304 | D:4      | Learned a level 2 spell: Song of Slaying
   329 | D:4      | HP: 1/26 [gnoll/+0 spear (7)]
   329 | D:4      | Slain by an adder

Illustrated notes

Levels and vault maps discovered:
D:1:      dpeg_arrival_snail, layout_loops_ring
D:2:      layout_basic, first_ration, chequers_jeans, uniq_sigmund, uniq_jessica
D:3:      layout_loops_cross, overflow_temple_1_default, elyvilon_altar_4
D:4:      layout_gridville, uniq_natasha, uniq_edmund

Action                   || total
-------------------------++-------
Melee: Hand axe          ||    32
       Bite              ||     1
 Cast: Infusion          ||     3
       Song of Slaying   ||     1
  Use: Scroll            ||     3
Armor: Leather armour    ||    13
       Ring mail         ||     8
Dodge: Dodged            ||    55
